 Dungeon Crawl Stone Soup version 0.19.1 (webtiles) character file.

123 Gargoyl the Skirmisher (level 5, -11/46 HPs)
             Began as a Ghoul Abyssal Knight on Dec 17, 2016.
             Was a Believer of Lugonu.
             Mangled by Crazy Yiuf
             ... wielding a +4 quarterstaff of chaos
              (14 damage)
             ... on level 3 of the Dungeon.
             The game lasted 00:06:20 (2669 turns).

Gargoyl the Skirmisher (Ghoul Abyssal Knight)       Turns: 2669, Time: 00:06:20

Health: -11/46     AC:  7    Str: 16    XL:     5   Next: 7%
Magic:  6/6        EV:  9    Int:  7    God:    Lugonu [**....]
Gold:   146        SH:  0    Dex:  9    Spells: 0 memorised, 4 levels left

rFire  . . .     SeeInvis .     d - +0 great mace (venom)
rCold  + . .     Gourm    .     e - +0 scale mail
rNeg   + + +     Faith    .     (shield currently unavailable)
rPois  ∞         Spirit   .     (no helmet)
rElec  .         Reflect  .     (no cloak)
rCorr  .         Harm     .     n - +0 pair of gloves
MR     .....                    (no boots)
Stlth  ..........               (no amulet)
                                (no ring)
                                (no ring)

@: rotting
A: rotting body, claws 1, carnivore 3, cold resistance 1, negative energy
resistance 3, slow regeneration 1, torment resistance, unbreathing
a: Depart the Abyss, Bend Space, Renounce Religion


You were on level 3 of the Dungeon.
You worshipped Lugonu.
Lugonu was pleased with you.
You were not hungry.

You visited 1 branch of the dungeon, and saw 3 of its levels.
You visited the Abyss 1 time.

You collected 146 gold pieces.

Inventory:

Hand Weapons
 a - a +2 hand axe
 d - a +0 great mace of venom (weapon)
Armour
 e - a +0 scale mail (worn)
 n - a +0 pair of gloves (worn)
Wands
 f - a wand of digging (4/24)
Scrolls
 b - a scroll of magic mapping {unknown}
 h - a scroll of teleportation
 i - 2 scrolls of remove curse
 j - 2 scrolls of identify {unknown}
 q - a scroll of fear {unknown}
 r - a scroll of amnesia {unknown}
Potions
 l - a potion of curing {unknown}
 m - a potion of cancellation {unknown}
 o - a potion of magic {unknown}
 p - a potion of degeneration {unknown}
Comestibles
 c - 3 meat rations
 g - a beef jerky
 k - a chunk of flesh


   Skills:
 + Level 4.2 Fighting
 + Level 2.4(2.5) Axes
 + Level 0.6(1.6) Maces & Flails
 * Level 2.8 Armour
 + Level 1.2 Dodging
 + Level 0.2 Stealth
 * Level 2.7 Invocations


You had 4 spell levels left.
You didn't know any spells.

Dungeon Overview and Level Annotations

Branches:
Dungeon (3/15)

Altars:
Elyvilon
Gozag
Trog
Zin

Annotations:
D:3 Crazy Yiuf


Innate Abilities, Weirdness & Mutations

Your body is rotting away.
You thrive on raw meat.
You are immune to poison.
You have sharp fingernails.
You are carnivorous and can eat meat at any time.
Your flesh is cold resistant. (rC+)
You are immune to negative energy. (rN+++)
You regenerate slowly when monsters are visible.
You are immune to unholy pain and torment.
You can survive without breathing.


Message History

Crazy Yiuf freezes you.
You thump Crazy Yiuf!
Crazy Yiuf is severely wounded.
Crazy Yiuf closely misses you.
Crazy Yiuf hits you with a quarterstaff of chaos!
You barely miss Crazy Yiuf.
Crazy Yiuf is severely wounded.
Crazy Yiuf hits you with a quarterstaff of chaos!
* * * LOW HITPOINT WARNING * * *
x2 You hit Crazy Yiuf but do no damage.
Crazy Yiuf is poisoned.
Crazy Yiuf is severely wounded.
Crazy Yiuf barely misses you.
Crazy Yiuf hits you with a quarterstaff of chaos.
* * * LOW HITPOINT WARNING * * *
Crazy Yiuf burns you.
* * * LOW HITPOINT WARNING * * *
Your scale mail prevents you from hitting Crazy Yiuf.
Crazy Yiuf is severely wounded.
Crazy Yiuf hits you with a quarterstaff of chaos!
You die...

#.# #.............[....#.
#.###.##.#####.#######...
#........# #...## #.....
########## ###..# #.##.#
#.## #.##.# ### #.##%#
####♣♣ #### #.##.#
##.#.P♣♣ ♣♣#)))# #.##.#
#....P.♣♣♣♣)@g).# ###
#....# #......)♣))♣#)))#
#.## ####.# #.##..)♣)♣♣♣
#### #>.## #.# #.###♣♣♣♣♣
#...## #.# #.#
#....####.# #.# #####
######....'....#
#.#####...#
#.........####.#
#.........# ##.......##
#.# #####.#...#
##....#########


You could see Crazy Yiuf.

Vanquished Creatures
  4 adders
  4 oozes
  2 worms (D:2)
  3 leopard geckos (D:1)
  An orc (D:3)
  4 giant cockroaches
  10 goblins
  4 hobgoblins
  3 jackals (D:2)
  A ball python (D:3)
  9 bats
  4 frilled lizards
  6 kobolds
  6 rats
61 creatures vanquished.

Notes
Turn   | Place    | Note
-------+----------+-------------------------------------------
     0 | Abyss:1  | Gargoyl the Ghoul Abyssal Knight began the quest for the Orb.
     0 | Abyss:1  | Reached XP level 1. HP: 19/19 MP: 1/1
    65 | Abyss:2  | Noticed a hell hound
    66 | Abyss:2  | Noticed a neqoxec
    67 | Abyss:2  | Noticed a crimson imp
    67 | Abyss:2  | Noticed a crimson imp
    68 | D:1      | Escaped the Abyss
    88 | D:1      | Reached skill level 1 in Dodging
    94 | D:1      | Reached XP level 2. HP: 24/26 MP: 2/2
   216 | D:1      | Reached * piety under Lugonu
   324 | D:1      | Reached skill level 4 in Fighting
   487 | D:1      | Reached XP level 3. HP: 24/32 MP: 3/3
  1259 | D:2      | Reached XP level 4. HP: 37/40 MP: 4/4
  1490 | D:2      | Reached ** piety under Lugonu
  1685 | D:2      | Found a faded altar of an unknown god.
  1685 | D:2      | Found a glowing silver altar of Zin.
  1690 | D:2      | Found a white marble altar of Elyvilon.
  1692 | D:2      | Found a faded altar of an unknown god.
  1701 | D:2      | Found a faded altar of an unknown god.
  2065 | D:3      | Found a bloodstained altar of Trog.
  2118 | D:3      | Reached XP level 5. HP: 41/46 MP: 5/5
  2465 | D:3      | Found an opulent altar of Gozag.
  2657 | D:3      | Found a runed door.
  2661 | D:3      | Noticed Crazy Yiuf
  2668 | D:3      | HP: 2/46 [Crazy Yiuf/quarterstaff of chaos (1)]
  2669 | D:3      | Mangled by Crazy Yiuf

Skill      XL: |  1  2  3 |
---------------+----------+-----
Dodging        | 1 |  1.2
Armour         | 2 |  2.8
Fighting       | 4 |  4.2
Axes           | 2 |  2.4
Maces & Flails | |  0.6
Stealth        | |  0.2
Invocations    | |  2.7

Action                   |  1- 3 |  4- 6 || total
-------------------------+-------+-------++-------
Melee: Hand axe          |   107 |     4 ||   111
       Great mace        |       |   131 ||   131
Invok: Depart the Abyss  |     1 |       ||     1
  Use: Scroll            |       |     3 ||     3
  Eat: Chunk             |    16 |     8 ||    24
Armor: Scale mail        |    72 |    82 ||   154
Dodge: Dodged            |    95 |   106 ||   201
